 Dungeon Crawl Stone Soup version 0.31.0-11-ge490571c62 (webtiles) character file.

Game seed: 12537042382621596957

35 ProzacElf the Shooter (level 3, -2/30 HPs)
             Began as a Minotaur Hunter on Jan 31, 2024.
             Slain by Terence
             ... wielding a +0 mace
              (6 damage)
             ... on level 2 of the Dungeon.
             The game lasted 00:02:12 (1103 turns).

ProzacElf the Shooter (Minotaur Hunter)             Turns: 1103, Time: 00:02:13

Health: -2/30      AC:  4    Str: 17    XL:     3   Next: 17%
Magic:  2/2        EV: 12    Int:  6    God:
Gold:   50         SH:  0    Dex: 13    Spells: 2/2 levels left

rFire   . . .        a - +0 shortbow
rCold   . . .        (shield currently unavailable)
rNeg    . . .        c - +0 leather armour
rPois   .            (helmet restricted)
rElec   .            (no cloak)
rCorr   .            (no gloves)
SInv    .            i - +0 pair of boots
Will    +....        (no amulet)
Stlth   +            (no ring)
HPRegen 0.25/turn    (no ring)
MPRegen 0.08/turn

%: no passive effects
@: brilliant, enlightened, flying, hasted, very quick
A: horns 2, retaliatory headbutt
a: no special abilities


You were on level 2 of the Dungeon.
You visited 1 branch of the dungeon, and saw 2 of its levels.

You collected 50 gold pieces.

Inventory:

Hand Weapons
 a - a +0 shortbow (weapon)
 b - a +0 hand axe
Armour
 c - a +0 leather armour (worn)
 i - a +0 pair of boots (worn)
Scrolls
 e - 3 scrolls of teleportation {unknown}
 f - a scroll of butterflies
 g - a scroll of noise {unknown}
 h - a scroll of immolation
 j - a scroll of identify {unknown}
 k - 2 scrolls of fear {unknown}
 l - a scroll of enchant weapon {unknown}
Potions
 m - a potion of enlightenment


   Skills:
 - Level 2.4 Fighting
 + Level 5.0 Ranged Weapons
 + Level 3.2 Dodging
 - Level 0.7 Stealth


You had 2 spell levels left.
You didn't know any spells.
Your spell library contained the following spells:

 Spells                   Type           Power      Damage    Failure   Level
 Ensorcelled Hibernation  Hex/Ice        0%         N/A       67%         2
 Passwall                 Erth           0%         N/A       88%         3
 Swiftness                Air            0%         N/A       88%         3


Dungeon Overview and Level Annotations

Branches:
Dungeon (2/15)

Altars:

Annotations:
D:2 Terence


Innate Abilities, Weirdness & Mutations

You have a pair of horns on your head.
You reflexively headbutt those who attack you in melee.


Message History

Terence be moderately wounded.
Ye shoot an arrow.
Tha arrow hits Terence.
Terence be heavily wounded.
Terence hits ye wit' a +0 mace!
Ye take 10 damage, an' haf 20/30 hp.
MASSIVE DAMAGE!!
Ye shoot an arrow.
Tha arrow hits Terence but does nay damage.
Terence be heavily wounded.
Terence hits ye wit' a +0 mace. x2
Ye take 4 damage, an' haf 16/30 hp.
Ye shoot an arrow.
Tha arrow hits Terence.
Terence be heavily wounded.
Terence hits ye wit' a +0 mace.
Ye take 4 damage, an' haf 12/30 hp.
Ye be too injured ta fight recklessly!
Ye be too injured ta fight recklessly!
Ye be too injured ta fight recklessly!
Ye be too injured ta fight recklessly!
Fire: a) +0 shortbow
Press: ? - help, Q - select action Shift-Dir - straight line, f/p - Terence
Aim: Terence, wieldin' a +0 mace an' wearin' a +0 scale mail (heavily wounded, 64% ta hit) Ye shoot an arrow.
Tha arrow hits Terence but does nay damage.
Terence be heavily wounded.
Terence screams, "I want yer blood!"
Terence hits ye wit' a +0 mace.
* * * LOW HITPOINT WARNIN'
* * * Ye take 4 damage, an' haf 9/30 hp.
It was a potion o' 'nlightenmn't.
Ye feel very buoyant.
Ye fly up inta tha air.
Terence hits ye wit' a +0 mace.
* * * LOW HITPOINT WARNIN'
* * * Ye take 6 damage, an' haf 3/30 hp.
It was a potion o' brilliance.
Ye feel cle'er all o' a sudd'n.
Terence barely misses ye.
It was a potion o' haste.
Ye feel yerself speed up.
Terence hits ye wit' a +0 mace.
Ye die...
Terence says, "Tha felt goooood."

#.# # .. #.# # #.
#.# # #.
#.########### ..
#.#.......... #.
#.#.######.## #.
#..†.......#
#.########.########
#.@@.......#
############


You could see Terence.

Vanquished Creatures
  3 dart slugs
  4 ball pythons
  4 bats
  An endoplasm (D:1)
  2 giant cockroaches (D:1)
  3 goblins (D:1)
  A hobgoblin (D:1)
  3 frilled lizards (D:1)
  5 kobolds (D:1)
  4 rats
30 creatures vanquished.

Notes
Turn   | Place    | Note
-------+----------+-------------------------------------------
     0 | D:1      | ProzacElf the Minotaur Hunter began the quest for the Orb.
     0 | D:1      | Reached XP level 1. HP: 18/18 MP: 0/0
   259 | D:1      | Reached XP level 2. HP: 25/25 MP: 1/1
   353 | D:1      | Found a faded altar of an unknown god.
   598 | D:1      | Reached skill level 5 in Ranged Weapons
   598 | D:1      | Reached XP level 3. HP: 30/30 MP: 2/2
  1092 | D:2      | Noticed Terence
  1103 | D:2      | Slain by Terence

Illustrated notes

Levels and vault maps discovered:
D:1:      dpeg_arrival_tiny_b, layout_loops_corners,
          hellmonk_ecumenical_altar_blasted
D:2:      layout_loops_ring, uniq_crazy_yiuf_cottage, uniq_terence

Skill      XL: |  1  2 |
---------------+-------+-----
Dodging        | 3 |  3.2
Ranged Weapons | 5 |  5.0
Fighting       | |  2.4
Stealth        | |  0.7

Action                     || total
---------------------------++-------
   Fire: Shortbow          ||    77
    Use: Potion            ||     3
 Armour: Leather armour    ||    18
  Dodge: Dodged            ||    19

Action                     || total
---------------------------++-------
   Fire: Shortbow          ||    77
    Use: Potion            ||     3
 Armour: Leather armour    ||    18
  Dodge: Dodged            ||    19

Levels and vault maps discovered:
D:1:      dpeg_arrival_tiny_b, layout_loops_corners,
          hellmonk_ecumenical_altar_blasted
D:2:      layout_loops_ring, uniq_crazy_yiuf_cottage, uniq_terence
